 Dungeon Crawl Stone Soup version 0.28.0 (webtiles) character file.

Game seed: 9899787293231250142

109 AmazingTV the Skirmisher (level 4, -3/41 HPs)
             Began as a Minotaur Fighter on Mar 22, 2024.
             Succumbed to a kobold's poison
             ... on level 3 of the Dungeon.
             The game lasted 00:04:25 (2257 turns).

AmazingTV the Skirmisher (Minotaur Fighter)         Turns: 2257, Time: 00:04:25

Health: -3/41      AC:  8    Str: 19 (20) XL:     4   Next: 59%
Magic:  3/3        EV:  9    Int:  4 (7)  God:
Gold:   63         SH:  4    Dex:  7 (10) Spells: 3/3 levels left

rFire   . . .      SeeInvis .   a - +0 war axe {axe}
rCold   . . .      Faith    .   c - +0 buckler
rNeg    . . .      Spirit   .   b - +0 scale mail
rPois   .          Reflect  .   (helmet restricted)
rElec   .          Harm     .   h - +0 cloak
rCorr   .          Rampage  .   (no gloves)
Will    .....                   (no boots)
Stlth   ..........              (no amulet)
HPRegen 0.13/turn               (no ring)
MPRegen 0.08/turn               (no ring)

@: mighty, lethally poisoned (-3 -> -18)
A: horns 2, retaliatory headbutt
a: no special abilities


You were on level 3 of the Dungeon.
You visited 1 branch of the dungeon, and saw 3 of its levels.

You collected 63 gold pieces.


Innate Abilities, Weirdness & Mutations

You have a pair of horns on your head.
You reflexively headbutt those who attack you in melee.


   Skills:
 + Level 4.8 Fighting
 + Level 3.9(4.4) Axes
 + Level 2.8(3.8) Maces & Flails
 - Level 3.6 Armour
 - Level 3.6 Shields


You had 3 spell levels left.
You didn't know any spells.
Your spell library contained the following spells:

 Spells                   Type           Power      Damage    Failure   Level
 Sublimation of Blood     Necr           0%         N/A       97%         2
 Petrify                  Tmut/Erth      0%         N/A       100%        4
 Irradiate                Conj/Tmut      0%         3d13      100%        5

Inventory:

Hand Weapons
 a - a +0 war axe (weapon) {axe}
 o - a +0 short sword of venom {short}
   (You took it off a kobold on level 3 of the Dungeon)
Missiles
 f - 55 stones (quivered)
 m - 12 arrows
Armour
 b - a +0 scale mail (worn)
 c - a +0 buckler (worn)
 h - a +0 cloak (worn)
   (You found it on level 1 of the Dungeon)
Scrolls
 e - 3 scrolls of amnesia {unknown}
 i - a scroll of fog {unknown}
 j - 2 scrolls of magic mapping {unknown}
 k - a scroll of identify {unknown}
 l - a scroll of enchant armour {unknown}
 n - a scroll of blinking {unknown}
Potions
 g - a potion of degeneration {!q}

Dungeon Overview and Level Annotations

Branches:
Dungeon (3/15)

Altars:
Zin

Shops:
D:1

* #....#.. #K...#.
######### # #.....
#.......# # .....
#.......### #... #####
#......... #..
#...###.....####
######(####...##..)....# #
#......K†@....##.......# #
#.............##.......###
...(.......w......†........
...........................
...#########.........)#.###
## #...######...# #...#
..... .....# ..... #######
....


You could see a worm and a kobold.


Message History

You are poisoned. 😕 HP[-5]
You take 5 damage, and now have 36/41 hp.
You barely miss the kobold.
You feel very sick. You block the kobold's attack. 😕 HP[-4]
You take 4 damage, and now have 32/41 hp.
You hit the kobold but do no damage.
You feel sick. The kobold closely misses you. 😮 HP[-2]
You take 2 damage, and now have 30/41 hp.
You closely miss the kobold.
You feel sick. The kobold barely misses you.
The kobold closely misses you. 😮 HP[-2]
You take 2 damage, and now have 28/41 hp.
You closely miss the kobold.
You feel sick.
The kobold hits you with a +0 short sword of venom.
You are more poisoned. 😮 HP[-3]
You take 3 damage, and now have 25/41 hp.
You slash the kobold!
You kill the kobold!
You feel very sick. 😮 HP[-3]
You take 3 damage, and now have 22/41 hp.
You feel very sick.
o - a +0 short sword of venom {short} You see here a kobold corpse.
You feel sick. 😨 HP[-4]
You take 4 damage, and now have 18/41 hp.
You feel sick. 😨 HP[-2]
You take 2 damage, and now have 16/41 hp.
You feel sick. 😨 HP[-1]
You take 1 damage, and now have 15/41 hp.
You feel sick. 😨 HP[-1]
You take 1 damage, and now have 14/41 hp.
You feel sick. 😨 HP[-1]
You take 1 damage, and now have 13/41 hp.
You feel sick.
An endoplasm comes into view. 😨 HP[-1]
You take 1 damage, and now have 12/41 hp.
You feel sick.
You are no longer poisoned.
The endoplasm quivers.
You hit the endoplasm.
You kill the endoplasm!
A kobold comes into view.
It is wielding a +0 whip and quivering poisoned darts.
You hear the slow rusting of a drain very nearby.
The kobold shouts!
A giant cockroach comes into view.
The kobold throws a poisoned dart.
The poisoned dart hits you!
You are poisoned. 😨 HP[+1]
A worm comes into view.
You feel sick. 😨 HP[-2]
You take 2 damage, and now have 11/41 hp.
You feel sick. 😱 HP[-2]
You take 2 damage, and now have 9/41 hp.
You feel sick. 😱 HP[-1]
You take 1 damage, and now have 8/41 hp.
You feel sick. 😱 HP[-1]
You take 1 damage, and now have 7/41 hp.
You feel sick.
The giant cockroach bites you but does no damage.
The giant cockroach bites you.
* * * LOW HITPOINT WARNING * * *
😱 HP[-2]
You take 2 damage, and now have 5/41 hp.
You hit the giant cockroach but do no damage.
You headbutt the giant cockroach.
You feel sick.
The giant cockroach bites you but does no damage. 😱 HP[-2]
You take 2 damage, and now have 3/41 hp.
You hit the giant cockroach.
You kill the giant cockroach!
You feel sick.
You are no longer poisoned.
The kobold throws a poisoned dart.
The poisoned dart hits you!
You are lethally poisoned!
It was a potion of degeneration.
There was something very wrong with that liquid.
You feel weakened.
You feel dopey.
You feel clumsy.
* * * LOW HITPOINT WARNING * * *
You feel sick.
The kobold throws a poisoned dart.
The poisoned dart hits you!
You are more poisoned. 😱 HP[-2]
You take 2 damage, and now have 1/41 hp.
You feel very mighty all of a sudden.
You die...

Skill      XL: |  1  2  3 |
---------------+----------+-----
Maces & Flails | 1 2 |  2.8
Fighting       | 4 |  4.8
Axes           | 3 |  3.9
Armour         | |  3.6
Shields        | |  3.6

Action                   |  1- 3 |  4- 6 || total
-------------------------+-------+-------++-------
Melee: War axe           |   112 |    34 ||   146
       Headbutt          |    19 |     4 ||    23
  Use: Potion            |       |     2 ||     2
Armor: Scale mail        |    47 |    14 ||    61
Dodge: Dodged            |    50 |     6 ||    56
Block: Buckler           |    21 |     7 ||    28

Levels and vault maps discovered:
D:1:      dpeg_arrival_ratfight, layout_loops_ring, serial_shops, shop,
          serial_aquarium, aquarium_bridge_straight [aquarium_subvault_bridge,
          aquarium_subvault_window, aquarium_subvault_bridge,
          aquarium_subvault_window], aquarium_window_fake,
          aquarium_window_corner, aquarium_view_2a,
          hellmonk_ecumenical_altar_pennies_from_heaven
D:2:      layout_loops_corners, basic_altar, minmay_tetromino_t2, uniq_terence
D:3:      minmay_door_path, layout_rooms, lemuel_crystal_altar,
          gup_sewer_entry_spiral

Notes
Turn   | Place    | Note
-------+----------+-------------------------------------------
     0 | D:1      | AmazingTV the Minotaur Fighter began the quest for the Orb.
     0 | D:1      | Reached XP level 1. HP: 19/19 MP: 0/0
     0 | D:1      | magus.rc [v1.9.6]
   377 | D:1      | Reached skill level 1 in Maces & Flails
   377 | D:1      | Reached XP level 2. HP: 27/27 MP: 1/1
   460 | D:1      | Found Ukyurch's Assorted Antiques.
   467 | D:1      | Reached skill level 4 in Fighting
   535 | D:1      | Reached skill level 3 in Axes
   656 | D:1      | You pick up a book of Alchemy and begin reading...
   656 | D:1      | You add the spells Sublimation of Blood, Petrify and
                  | Irradiate to your library.
   787 | D:1      | Found a faded altar of an unknown god.
   807 | D:1      | Reached XP level 3. HP: 25/33 MP: 2/2
  1290 | D:2      | Reached skill level 2 in Maces & Flails
  1369 | D:2      | Found a glowing silver altar of Zin.
  1745 | D:2      | Noticed Terence
  1754 | D:2      | Killed Terence
  1755 | D:2      | Reached XP level 4. HP: 28/41 MP: 3/3
  2250 | D:3      | HP: 9/41 [poisoned by a kobold]
  2254 | D:3      | HP: 3/41 [poisoned by a kobold]
  2256 | D:3      | HP: 1/41 [poisoned by a kobold]
  2257 | D:3      | Succumbed to a kobold's poison

Vanquished Creatures
  Terence (D:2)
  An adder (D:2)
  3 worms (D:2)
  A dart slug (D:1)
  3 bats (D:1)
  7 endoplasms
  3 giant cockroaches
  5 hobgoblins
  7 jackals
  5 quokkas
  5 ball pythons
  4 frilled lizards
  7 kobolds
  8 rats
60 creatures vanquished.

Table legend:
 A = Non-vault XP
 B = Vault XP
 C = Vault XP percentage of total XP
 D = Non-vault monster count
 E = Vault monster count
 F = Vault count percentage of total count
                 A         B        C        D         E       F
            +---------+---------+-------+---------+---------+-------
      Total |     109 |      47 |  30.1 |      51 |       9 |  15.0
            +---------+---------+-------+---------+---------+-------
        D:1 |      37 |       5 |  11.9 |      22 |       5 |  18.5
        D:2 |      60 |      40 |  40.0 |      22 |       3 |  12.0
        D:3 |      12 |       2 |  14.3 |       7 |       1 |  12.5
            +---------+---------+-------+---------+---------+-------

Illustrated notes

Table legend:
 A = Kills in this place as a percentage of kills in entire the game.
 B = Kills by you in this place as a percentage of kills by you in the entire game.
 C = Kills by friends in this place as a percentage of kills by friends in the entire game.
 D = Other kills in this place as a percentage of other kills in the entire game.
 E = Experience gained in this place as a percentage of experience gained in the entire game.
 F = Experience gained in this place divided by the number of levels of this place that you have seen.
                   A       B       C       D       E      F
               +-------+-------+-------+-------+-------+----------------------
         Total | 100.0 | 100.0 |   N/A |   N/A | 100.0 |  52.0
       Dungeon | 100.0 | 100.0 |   N/A |   N/A | 100.0 |  52.0
               +-------+-------+-------+-------+-------+----------------------

Table legend: (Time is in decaauts)
 A = Elapsed time spent in this place.
 B = Non-inter-level travel time spent in this place.
 C = Inter-level travel time spent in this place.
 D = Time resting spent in this place.
 E = Time spent auto-exploring this place.
 F = Levels seen in this place.
 G = Mean time per level.
                   A        B        C        D        E       F      G
               +--------+--------+--------+--------+--------+-----+--------+
         Total |   2311 |   2250 |     61 |     96 |   1727 |   3 |  770.3 |
       Dungeon |   2311 |   2250 |     61 |     96 |   1727 |   3 |  770.3 |
               +--------+--------+--------+--------+--------+-----+--------+

Top non-repeatable levels by time:
     D:2: 1234 daAuts
     D:1: 967 daAuts
     D:3: 109 daAuts
